 Dungeon Crawl Stone Soup version 0.28-a0-494-ge2d2658 (webtiles) character file.

Game seed: 11820885956422185447

79 Illumine the Sneak (level 4, 0/45 HPs)
             Began as an Octopode Brigand on Sept 19, 2021.
             Slain by an adder (2 damage)
             ... on level 2 of the Dungeon.
             The game lasted 00:04:30 (2133 turns).

Illumine the Sneak (Octopode Brigand)               Turns: 2133, Time: 00:04:30

Health: 0/45       AC:  1    Str: 11    XL:     4   Next: 38%
Magic:  4/4        EV: 12    Int: 15    God:
Gold:   64         SH:  0    Dex: 13    Spells: 3/3 levels left

rFire   . . .      SeeInvis .   a - +2 dagger (venom)
rCold   . . .      Faith    .   (no shield)
rNeg    + . .      Spirit   .   (helmet restricted)
rPois   .          Reflect  .   (no amulet)
rElec   .          Harm     .   q - ring of positive energy
rCorr   +          Rampage  .   n - ring of resist corrosion
Will    .....                   (no ring)
Stlth   ..........              (no ring)
HPRegen 0.15/turn               (no ring)
MPRegen 0.09/turn               (no ring)
                                (no ring)
                                (no ring)

@: berserking, lethally poisoned (0 -> -6), very quick
A: almost no armour, amphibious, 8 rings, camouflage 1, gelatinous body 1,
(nimble swimmer 1), tentacles, clever 1
a: no special abilities


You were on level 2 of the Dungeon.
You visited 1 branch of the dungeon, and saw 4 of its levels.

You collected 64 gold pieces.

Inventory:

Hand Weapons
 a - a +2 dagger of venom (weapon)
 b - a +2 hunting sling of freezing
 e - a +2 dagger
Missiles
 c - 2 curare-tipped darts
 d - 55 poisoned darts (quivered)
 g - 17 stones
Jewellery
 n - a ring of resist corrosion (right tentacle)
 q - a ring of positive energy (left tentacle)
 r - a ring of flight
Scrolls
 f - 5 scrolls of identify {unknown}
 h - a scroll of immolation {unknown}
 i - 2 scrolls of enchant armour {unknown}
 l - a scroll of fear {unknown}
 o - a scroll of enchant weapon {unknown}
 s - a scroll of teleportation {unknown}
Potions
 j - a potion of brilliance {unknown}
 m - a potion of mutation
 p - a potion of might {unknown}
 t - a potion of haste {unknown}
 u - a potion of heal wounds {unknown}


   Skills:
 + Level 2.7 Fighting
 + Level 3.3 Short Blades
 + Level 0.8(1.5) Slings
 - Level 2.0(2.1) Throwing
 - Level 1.0 Dodging
 - Level 6.0 Stealth


You had 3 spell levels left.
You didn't know any spells.
Your spell library was empty.

Dungeon Overview and Level Annotations

Branches:
Dungeon (4/15)
 Temple: D:4-7

Altars:

Annotations:
D:4 Eustachio


Innate Abilities, Weirdness & Mutations

You cannot wear most types of armour.
You are amphibious.
You can wear up to eight rings at the same time.
Your skin changes colour to match your surroundings (Stealth+).
Your rubbery body absorbs attacks. (AC +1, EV +1)
((You are camouflaged near water. (Stealth+)))
You have tentacles for arms and can constrict up to eight enemies at once.
Your mind is acute. (Int +2)


Message History

There is a stone staircase leading down here.
The adder bites you. The adder closely misses you.
There is an open door here.
The adder bites you. The adder bites you. The adder bites you.
There is an open door, spattered with blood here.
The adder closely misses you.
There is an open door here.
The adder misses you. The adder bites you.
There is an open door here.
The adder misses you. The adder misses you. The adder misses you.
There is a stone staircase leading up here.
The adder bites you.
You are poisoned.
The adder poisons you!
You climb upwards.
You feel very sick.
There is a stone staircase leading down here.
Okay, then.
You miss the adder. Your grab misses the adder.
You feel sick. The adder bites you.
* * * LOW HITPOINT WARNING * * *
You are lethally poisoned!
The adder poisons you!
It was a potion of mutation.
You feel extremely strange.
You feel clever.
* * * LOW HITPOINT WARNING * * *
You feel sick. The adder bites you.
* * * LOW HITPOINT WARNING * * *
It was a potion of berserk rage.
A red film seems to cover your vision as you go berserk!
You feel yourself moving faster!
You feel mighty!
* * * LOW HITPOINT WARNING * * *
You feel sick. The adder misses you. The adder bites you.
You die...

♣##
..#####################
♣..............S@.....#
........).....#######.#
♣...........#.# ##.P##
............#.#####P♣..##
♣...).......#.....P..♣♣.#
#######.....#####..♣♣♣..#
# #.....# ##..♣.P.# #
#.....#######...P## #
#..........####..#


You could see an adder.

Vanquished Creatures
  2 adders
  A worm (D:2)
  3 dart slugs
  4 endoplasms
  4 giant cockroaches
  5 goblins
  4 hobgoblins
  9 kobolds
  3 ball pythons
  4 bats
  5 frilled lizards
  7 rats
51 creatures vanquished.

Vanquished Creatures (others)
  A fungus (D:2)
  2 plants (D:2)
3 creatures vanquished.

Grand Total: 54 creatures vanquished

Notes
Turn   | Place    | Note
-------+----------+-------------------------------------------
     0 | D:1      | Illumine the Octopode Brigand began the quest for the Orb.
     0 | D:1      | Reached XP level 1. HP: 14/14 MP: 1/1
     6 | D:1      | Noticed a wolf
     6 | D:1      | Noticed a redback
     6 | D:1      | Noticed a snapping turtle
     7 | D:1      | Noticed a rime drake
     7 | D:1      | Noticed a lindwurm
   122 | D:1      | Reached XP level 2. HP: 19/19 MP: 2/2
   521 | D:1      | Reached XP level 3. HP: 23/25 MP: 3/3
  1023 | D:2      | Found a faded altar of an unknown god.
  1582 | D:3      | Reached XP level 4. HP: 29/30 MP: 4/4
  1753 | D:3      | Reached skill level 6 in Stealth
  2093 | D:4      | Noticed Eustachio
  2093 | D:4      | Noticed an ogre
  2132 | D:2      | Gained mutation: Your mind is acute. (Int +2) [potion of
                  | mutation]
  2133 | D:2      | HP: 2/45 [poisoned by an adder]
  2133 | D:2      | Slain by an adder

Illustrated notes

Levels and vault maps discovered:
D:1:      onia_arrival_zoo_common, layout_loops_ring, minmay_lizard_pond
D:2:      layout_basic, shapermc_ecumenical_altar_mp_ritualfount, serial_forest,
          infiniplex_forest_straight_1, infiniplex_forest_straight_3,
          infiniplex_forest_lined_room_2, infiniplex_forest_end_double,
          infiniplex_forest_clump_small
D:3:      layout_basic, nrook_mini_backslash
D:4:      layout_rooms, dk_noncrumbling_3, minmay_ogre_servants, uniq_eustachio

Skill      XL: |  1  2  3  4 |
---------------+-------------+-----
Short Blades   | 3 |  3.3
Stealth        | 6 |  6.0
Fighting       | |  2.7
Slings         | |  0.8
Throwing       | |  2.0
Dodging        | |  1.0

Action                   |  1- 3 |  4- 6 || total
-------------------------+-------+-------++-------
Melee: Dagger            |    36 |     6 ||    42
       Constrict         |     8 |     1 ||     9
       Tentacles         |     3 |     2 ||     5
 Fire: Hunting sling     |    43 |    15 ||    58
Throw: Dart              |     1 |     1 ||     2
  Use: Potion            |       |     2 ||     2
 Stab: Sleeping          |     5 |     1 ||     6
Armor: Skin              |     6 |       ||     6
Dodge: Dodged            |    13 |    11 ||    24

Table legend: (Time is in decaauts)
 A = Elapsed time spent in this place.
 B = Non-inter-level travel time spent in this place.
 C = Inter-level travel time spent in this place.
 D = Time resting spent in this place.
 E = Time spent auto-exploring this place.
 F = Levels seen in this place.
 G = Mean time per level.
                   A        B        C        D        E       F      G
               +--------+--------+--------+--------+--------+-----+--------+
         Total |   2121 |   2066 |     55 |    116 |   1602 |   4 |  530.2 |
       Dungeon |   2121 |   2066 |     55 |    116 |   1602 |   4 |  530.2 |
               +--------+--------+--------+--------+--------+-----+--------+

Top non-repeatable levels by time:
     D:1: 888 daAuts
     D:2: 649 daAuts
     D:3: 580 daAuts
     D:4: 1 daAuts
